 Dungeon Crawl Stone Soup version 0.31-a0-1-g4198be8af4 (webtiles) character file.

Game seed: 9401803622178511468

30018 qeuew the Protected (level 13, -12/103 (113) HPs)
             Began as a Minotaur Fighter on May 1, 2023.
             Was an Elder of Makhleb.
             Mangled by a pharaoh ant (15 damage)
             ... on level 3 of the Lair of Beasts.
             The game lasted 00:14:47 (12391 turns).

qeuew the Protected (Minotaur Fighter)             Turns: 12391, Time: 00:14:48

HP:   -12/103 (113) AC:  8    Str: 32    XL:     13   Next: 18%
MP:   18/18         EV: 15    Int:  5    God:    Makhleb [****..]
Gold: 1917          SH:  6    Dex: 12    Spells: 12/12 levels left

rFire   . . .        l - +11 dagger of Laceration {drain, *Rage rElec rF- Str+6}
rCold   . . .        c - +0 buckler
rNeg    . . .        i - +0 robe of Love and Death {Fly rPois Str+2 Slay+5}
rPois   +            D - +2 hat
rElec   +            s - +2 cloak {Stlth+}
rCorr   .            (no gloves)
SInv    +            (no boots)
Will    .....        (no amulet)
Stlth   ++           q - ring of see invisible
HPRegen 0.37/turn    y - ring of protection from fire
MPRegen 0.16/turn

%: random rage (20%)
@: flying, drained
A: horns 2, retaliatory headbutt, deterioration 1
a: Renounce Religion, Minor Destruction, Lesser Servant of Makhleb, Major
Destruction


You were on level 3 of the Lair of Beasts.
You worshipped Makhleb.
Makhleb was greatly pleased with you.
You visited 3 branches of the dungeon, and saw 15 of its levels.
You also visited: Gauntlet.

You collected 1917 gold pieces.

Inventory:

Hand Weapons
 l - the +11 dagger of Laceration (weapon) {drain, *Rage rElec rF- Str+6}
   (You found it on level 2 of the Dungeon)

   Str:       It affects your strength (+6).
   rF:        It makes you vulnerable to fire.
   rElec:     It insulates you from electricity.
   *Rage:     It berserks you when you make melee attacks (+20% chance).
Armour
 c - a +0 buckler (worn)
 i - the +0 robe of Love and Death (worn) {Fly rPois Str+2 Slay+5}
   (You found it on level 4 of the Dungeon)

   Str:       It affects your strength (+2).
   Slay:      It affects your accuracy & damage with ranged weapons and melee
   (+5).
   rPois:     It protects you from poison.
   Fly:       It grants you flight.
 s - a +2 cloak of stealth (worn)
 D - a +2 hat (worn)
Jewellery
 q - a ring of see invisible (left hand)
 w - a ring of flight
 y - a ring of protection from fire (right hand)
Wands
 k - a wand of charming (7)
 n - a wand of polymorph (16)
 p - a wand of digging (9)
 t - a wand of acid (7)
 z - a wand of flame (7)
Scrolls
 a - 3 scrolls of identify
 b - 5 scrolls of enchant armour
 j - 10 scrolls of teleportation
 m - 2 scrolls of fear
 o - a scroll of brand weapon
 v - a scroll of fog
 B - 2 scrolls of enchant weapon
 C - 2 scrolls of poison {unknown}
Potions
 d - 3 potions of might
 e - 5 potions of cancellation
 f - a potion of flight
 g - 10 potions of curing
 h - 2 potions of haste
 r - a potion of heal wounds
 u - 3 potions of invisibility
 A - 3 potions of resistance
Miscellaneous
 x - a lightning rod (4/4)


   Skills:
 + Level 10.2 Fighting
 * Level 11.9 Short Blades
 - Level 3.1 Maces & Flails
 * Level 13.5 Armour
 + Level 8.5 Dodging
 + Level 10.1 Shields
 * Level 8.2 Invocations
 + Level 4.6 Evocations


You had 12 spell levels left.
You didn't know any spells.
Your spell library contained the following spells:

 Spells                   Type           Power      Damage    Failure   Level
 Apportation              Tloc           0%         N/A       52%         1
 Magic Dart               Conj           0%         1d3       52%         1
 Necrotise                Necr           0%         1d4       52%         1
 Summon Small Mammal      Summ           0%         N/A       52%         1
 Call Imp                 Summ           0%         N/A       65%         2
 Cigotuvi's Dreadful Rot  Necr/Pois/Air  0%         N/A       65%         2
 Mephitic Cloud           Conj/Pois/Air  0%         N/A       87%         3
 Ozocubu's Armour         Ice            0%         N/A       87%         3
 Dispel Undead            Necr           0%         3d6       99%         4
 Leda's Liquefaction      Hex/Erth       0%         N/A       99%         4
 Alistair's Intoxication  Tmut/Pois      0%         N/A       100%        5
 Lee's Rapid Deconstruct  Erth           0%         3d4*      100%        5
 Metabolic Englaciation   Hex/Ice        0%         N/A       100%        5
 Death Channel            Necr           0%         N/A       100%        6
 Simulacrum               Ice/Necr       0%         N/A       100%        6
 Statue Form              Tmut/Erth      0%         N/A       100%        6
 Borgnjor's Revivificati  Necr           0%         N/A       100%        8
 Necromutation            Tmut/Necr      0%         N/A       100%        8
 Death's Door             Necr           0%         N/A       100%        9


Dungeon Overview and Level Annotations

Branches:
Dungeon (11/15)            Temple (1/1) D:7            Lair (3/5) D:11
 Shoals (0/4) Lair:2       Spider (0/4) Lair:3          Orc (0/2) D:9
Gauntlet (visited)

Altars:
Ashenzari
Cheibriados
Dithmenos
Elyvilon
Fedhas
Gozag
Hepliaklqana
Kikubaaqudgha
Makhleb
Nemelex Xobeh
Okawaru
Qazlal
Ru
Sif Muna
Trog
Uskayaw
Vehumet
Wu Jian
Xom
Yredelemnul
Zin
The Shining One

Shops:
D:5 [

Annotations:
D:10 3 runed translucent doors, TrollFarmer's ghost, journeyman GrEE


Innate Abilities, Weirdness & Mutations

You have a pair of horns on your head.
You reflexively headbutt those who attack you in melee.
Your body sometimes deteriorates upon taking damage.


Message History

You are too confused!
Unknown command.
You bump into the rock wall.
The tarantella misses you. The tarantella barely misses you.
You closely miss the tarantella.
The tarantella is almost dead.
The tarantella touches you!
You are more confused.
The pharaoh ant bites you!!
You feel drained.
The tarantella touches you but does no damage.
The pharaoh ant closely misses you. The tarantella barely misses you.
The pharaoh ant misses you. The pharaoh ant bites you!!
You feel drained.
You feel less confused. The pharaoh ant bites you.
The redback bites you but does no damage.
You block the tarantella's attack. The redback attacks as you move away!
The redback bites you. The pharaoh ant misses you.
The tarantella touches you but does no damage.
The redback bites you.
* * * LOW HITPOINT WARNING * * *
You feel much better. The pharaoh ant closely misses you.
The tarantella barely misses you. The redback bites you.
You block the pharaoh ant's attack. The tarantella barely misses you.
You miss the tarantella.
The tarantella is almost dead.
The redback misses you. You furiously retaliate!
You headbutt the redback! The tarantella touches you!
The pharaoh ant bites you!!!
* * * LOW HITPOINT WARNING * * *
Unknown command.
You feel much better.
The redback bites you but does no damage.
You block the tarantella's attack. The pharaoh ant bites you!!
* * * LOW HITPOINT WARNING * * *
As you read the scroll of fear, it crumbles to dust.
You assume a fearsome visage.
The pharaoh ant is unaffected.
The tarantella looks frightened!
The redback looks frightened!
The pharaoh ant bites you!
You die...

##
##..........###..##...#
#
#.......#.....#.....##
.....#...#........####
...#.#............#
#...#...#........#
...###......###
.....#.s....#
..>...sB....##
......#.@...#
.$..###......~# ..#
#.....#.~. #
..........#
.#.....[.~..
###.....~~...
#.#...~... .. .#.....


You could see a pharaoh ant, a tarantella (fleeing) and a redback (fleeing).

Vanquished Creatures
  Gastronok (Lair:3)
  A minotaur (Gauntlet)
  2 hydras
  Erolcha (D:10)
  An ogre mage (D:11)
  Erica (D:10)
  A boulder beetle (D:11)
  4 two-headed ogres
  Nergalle (D:11)
  12 elephants
  A cyclops (D:11)
  A manticore (D:11)
  Joseph (D:7)
  2 cane toads
  A torpor snail (Gauntlet)
  2 water nymphs (Lair:2)
  Maggie (D:7)
  2 rime drakes
  2 kobold demonologists (D:11)
  2 komodo dragons
  2 trolls
  2 hornets
  A tyrant leech (Lair:1)
  Grinder (D:5)
  2 centaur simulacra (Gauntlet)
  14 flying skulls (Gauntlet)
  A shadow (D:8)
  2 vampires (D:11)
  6 wyverns
  2 wraiths
  A basilisk (D:11)
  5 yaks (Lair:1)
  4 steam dragons
  2 swamp worms (Lair:1)
  An acid dragon (D:10)
  11 water moccasins
  Edmund (D:5)
  3 black bears
  2 ice beasts
  2 sky beasts (D:7)
  An orc warrior (D:9)
  4 ogres
  A centaur (D:8)
  10 wolves
  A phantom (D:7)
  7 bullfrogs
  3 kobold brigands
  2 scorpions
  A cane toad simulacrum (Gauntlet)
  3 wights (D:6)
  28 killer bees
  6 howler monkeys
  An electric eel (Lair:2)
  3 hounds
  4 orc priests
  4 jellies
  A gnoll bouda (D:8)
  3 iguanas (D:6)
  A sleepcap (D:5)
  3 orc wizards
  3 gnolls (D:8)
  7 adders
  2 shadow imps (D:7)
  2 white imps (D:7)
  2 ufetubi (D:5)
  A worm (D:2)
  A dart slug (D:1)
  25 orcs
  8 endoplasms
  4 giant cockroaches
  4 goblins
  4 hobgoblins
  4 jackals (D:1)
  19 kobolds
  2 quokkas
  6 ball pythons
  7 bats
  2 frilled lizards
  2 rats
297 creatures vanquished.

Vanquished Creatures (others)
  A human (D:3)
  4 fungi (Lair:2)
  11 plants
16 creatures vanquished.

Grand Total: 313 creatures vanquished

Notes
Turn   | Place    | Note
-------+----------+-------------------------------------------
     0 | D:1      | qeuew the Minotaur Fighter began the quest for the Orb.
     0 | D:1      | Reached XP level 1. HP: 19/19 MP: 0/0
    96 | D:1      | Reached XP level 2. HP: 18/27 MP: 1/1
   210 | D:1      | Reached skill level 4 in Armour
   781 | D:2      | Reached XP level 3. HP: 31/33 MP: 2/2
   969 | D:2      | Identified the +11 dagger of Laceration {drain, *Rage rElec
                  | rF- Str+6}
  1418 | D:2      | Gained mutation: Your body sometimes deteriorates upon
                  | taking damage. [potion of mutation]
  1420 | D:2      | Identified a scroll of acquirement
  1420 | D:2      | Acquired 756 gold pieces
  1461 | D:3      | Reached skill level 1 in Dodging
  1497 | D:3      | Reached skill level 1 in Short Blades
  1544 | D:3      | Reached XP level 4. HP: 30/40 MP: 3/3
  1650 | D:3      | Found a stormy altar of Qazlal.
  1879 | D:3      | Found an ancient bone altar of Kikubaaqudgha.
  1962 | D:3      | Noticed a human
  1963 | D:3      | Killed a human
  2291 | D:4      | Noticed a black bear
  2294 | D:4      | Killed a black bear
  2295 | D:4      | Reached skill level 5 in Armour
  2295 | D:4      | Reached XP level 5. HP: 47/47 MP: 4/4
  2302 | D:4      | Identified the +0 robe of Love and Death {Fly rPois Str+2
                  | Slay+5}
  2417 | D:4      | Noticed an ogre
  2420 | D:4      | Reached XP level 6. HP: 53/53 MP: 5/5
  2916 | D:5      | Entered Level 5 of the Dungeon
  2941 | D:5      | Reached skill level 6 in Armour
  3010 | D:5      | Found Baemyjoth's Antique Armour Shop.
  3080 | D:5      | Reached XP level 7. HP: 48/60 MP: 6/6
  3083 | D:5      | Noticed Grinder
  3106 | D:5      | Killed Grinder
  3107 | D:5      | Reached skill level 5 in Fighting
  3107 | D:5      | Reached skill level 5 in Shields
  3374 | D:5      | Noticed Edmund
  3383 | D:5      | Killed Edmund
  3585 | D:5      | Identified the ring of Xom's Entertainment {Ice rN++}
  3699 | D:5      | Reached skill level 5 in Short Blades
  3699 | D:5      | Reached skill level 7 in Armour
  3699 | D:5      | Reached XP level 8. HP: 55/69 MP: 7/7
  3948 | D:6      | Found a hazy altar of Hepliaklqana.
  3953 | D:6      | Found a shadowy altar of Dithmenos.
  4051 | D:6      | Found a basalt altar of Yredelemnul.
  4126 | D:6      | You are sucked into a shaft and drop 3 floors!
  4350 | D:6      | Found an iron altar of Okawaru.
  4652 | D:7      | Reached skill level 8 in Armour
  4823 | D:7      | Found a sparkling altar of Nemelex Xobeh.
  4825 | D:7      | Noticed Joseph
  4836 | D:7      | Reached XP level 9. HP: 78/78 MP: 8/8
  4846 | D:7      | Killed Joseph
  4881 | D:7      | Noticed Maggie
  4893 | D:7      | Killed Maggie
  4894 | D:7      | Reached skill level 9 in Armour
  5028 | D:7      | Reached skill level 5 in Dodging
  5196 | D:7      | Found a staircase to the Ecumenical Temple.
  5255 | Temple   | Entered the Ecumenical Temple
  5274 | Temple   | Became a worshipper of Makhleb the Destroyer
  5383 | D:7      | Found a shimmering blue altar of Sif Muna.
  5571 | D:7      | Found an opulent altar of Gozag.
  5619 | D:7      | Found a bloodstained altar of Trog.
  5793 | D:8      | Reached skill level 1 in Invocations
  5854 | D:8      | Reached XP level 10. HP: 86/86 MP: 9/9
  6005 | D:8      | Reached skill level 10 in Armour
  6612 | D:9      | Noticed a two-headed ogre
  6618 | D:9      | Killed a two-headed ogre
  6636 | D:9      | Found a staircase to the Orcish Mines.
  6870 | D:9      | Reached * piety under Makhleb
  7131 | D:10     | Entered Level 10 of the Dungeon
  7131 | D:10     | Found a runed translucent gate.
  7131 | D:10     | Found a runed translucent gate.
  7131 | D:10     | Found an opulent altar of Gozag.
  7132 | D:10     | Found a runed translucent gate.
  7133 | D:10     | Noticed a centaur warrior
  7134 | D:10     | Noticed TrollFarmer's ghost (journeyman GrEE)
  7134 | D:10     | Noticed a cyclops
  7135 | D:10     | Noticed an orc knight
  7458 | D:10     | Noticed Erolcha
  7465 | D:10     | Reached skill level 1 in Evocations
  7472 | D:10     | Killed Erolcha
  7519 | D:10     | Found a glowing golden altar of the Shining One.
  7586 | D:10     | Reached skill level 11 in Armour
  7660 | D:10     | Reached XP level 11. HP: 71/94 MP: 13/13
  7926 | D:10     | Noticed Erica
  7928 | D:10     | Found a blossoming altar of Fedhas.
  7932 | D:10     | Killed Erica
  8085 | D:11     | Found a staircase to the Lair.
  8086 | D:11     | Noticed a boulder beetle
  8094 | D:11     | Reached ** piety under Makhleb
  8108 | D:11     | Killed a boulder beetle
  8140 | D:11     | Noticed Nergalle
  8152 | D:11     | Killed Nergalle
  8153 | D:11     | Reached skill level 5 in Invocations
  8555 | D:11     | Reached skill level 10 in Short Blades
  8590 | D:11     | Noticed a two-headed ogre
  8591 | D:11     | Noticed a two-headed ogre
  8592 | D:11     | Noticed an ogre mage
  8592 | D:11     | Noticed a two-headed ogre
  8598 | D:11     | Killed a two-headed ogre
  8603 | D:11     | Killed a two-headed ogre
  8608 | D:11     | Killed a two-headed ogre
  8611 | D:11     | Killed an ogre mage
  8614 | D:11     | Reached skill level 12 in Armour
  8743 | D:11     | Noticed a sixfirhy
  9278 | Lair:1   | Entered Level 1 of the Lair of Beasts
  9359 | Lair:1   | Reached XP level 12. HP: 104/104 MP: 15/15
  9912 | Lair:1   | Reached *** piety under Makhleb
 10461 | Lair:2   | Found a gate leading to a gauntlet.
 10469 | Gauntlet | Entered a Gauntlet
 10469 | Gauntlet | Found a transporter.
 10503 | Gauntlet | Found a transporter.
 10514 | Gauntlet | Found a transporter.
 10525 | Gauntlet | Found a transporter.
 10525 | Gauntlet | Found a transporter.
 10527 | Gauntlet | Found a runed translucent door.
 10529 | Gauntlet | Found a transporter.
 10678 | Gauntlet | Noticed a hell hog
 10700 | Gauntlet | Found a transporter.
 10713 | Gauntlet | Reached skill level 13 in Armour
 10744 | Gauntlet | Found a transporter.
 10921 | Gauntlet | Noticed a minotaur
 10930 | Gauntlet | Killed a minotaur
 10977 | Gauntlet | Identified the +3 dagger of the Crawling Thing {heavy,
                  | rF+++ rN+ SInv Stlth-}
 10977 | Gauntlet | Identified the staff of fire "Neumuas" {+Blink rF+ Str+3}
 11229 | Lair:2   | Noticed a seven-headed hydra
 11236 | Lair:2   | Killed a seven-headed hydra
 11237 | Lair:2   | Reached skill level 10 in Fighting
 11402 | Lair:2   | Reached XP level 13. HP: 113/113 MP: 17/17
 11751 | Lair:2   | Reached skill level 10 in Shields
 12029 | Lair:2   | Reached **** piety under Makhleb
 12148 | Lair:3   | Noticed Gastronok
 12157 | Lair:3   | Killed Gastronok
 12375 | Lair:3   | Found a hole to the Spider Nest.
 12390 | Lair:3   | HP: 3/103 [pharaoh ant (27)]
 12391 | Lair:3   | Mangled by a pharaoh ant

Illustrated notes

Levels and vault maps discovered:
D:1:      onia_arrival_mini_maze, layout_basic, minmay_ruptured
D:2:      layout_basic
D:3:      layout_loops_ring, tgw_kikubaaqudgha, amcnicky_altar_gilded
D:4:      layout_loops_ring, minivault_14
D:5:      layout_loops_ring, serial_shops, nicolae_diamond_shop, minivault_27,
          kennysheep_flooded_box, st_stairs_8, nicolae_figureground_pulse,
          uniq_edmund, uniq_grinder
D:6:      layout_rooms, mainiacjoe_overflow_concentric_impassable,
          hellmonk_okawaru_the_only_friend_you_need,
          riverfiend_overflow_shadow_ancestor, hangedman_decor_opposing,
          small_statue_intersection, chequers_arboretum, dk_noncrumbling_4
D:7:      minmay_inner_zag, layout_loops_ring, mainiacjoe_overflow_brackets,
          mainiacjoe_overflow_two_lobes, lemuel_crystal_altar,
          minmay_temple_entry_overgrown, uniq_maggie, uniq_joseph
D:8:      layout_basic
D:9:      layout_loops_ring, orc_0_dummy, dk_noncrumbling_3
D:10:     layout_roguey, fedhas_altar_fruit_tree, lemuel_doored_altar,
          ebering_ghost_gozag, uniq_erolcha, uniq_erica
D:11:     layout_irregular_city, david_lair_generic, uniq_nergalle
Temple:   hellmonk_temple_micro_hex
Lair:1:   layout_regular_city, worms_lemuel, grunt_megastairs_1,
          infiniplex_staircase_pool_2
Lair:2:   layout_hall_layers, nicolae_shoals_entry_flooding,
          gauntlet_entry_generic, beast_lair_carwin_4, serial_bayou_shore_a,
          grunt_megastairs_2
Lair:3:   layout_layer_cave, nicolae_spider_entry_lesser_pyramids,
          chequers_serial_rivers_micro_c, patterned_corridor, uniq_gastronok,
          uniq_urug

Skill      XL: |  1  2  3  4  5  6  7  8  9 10 11 12 13 |
---------------+----------------------------------------+-----
Armour         | 4 5 6 7 8 9 11 12 13 | 13.5
Maces & Flails | 3 |  3.1
Dodging        | 1 2 3 4 5 6 7 8 |  8.5
Shields        | 4 5 6 7 8 9 10 | 10.1
Short Blades   | 1 2 3 5 6 8 9 10 11 | 11.9
Fighting       | 4 5 6 7 8 9 10 | 10.2
Invocations    | 1 4 6 7 8 |  8.2
Evocations     | 1 3 4 |  4.6

Action                     |  1- 3 |  4- 6 |  7- 9 | 10-12 | 13-15 || total
---------------------------+-------+-------+-------+-------+-------++-------
  Melee: Flail             |    55 |       |       |       |       ||    55
         Headbutt          |     8 |     5 |    20 |    86 |    11 ||   130
         Dagger            |    14 |    47 |   141 |   440 |    44 ||   686
 Invoke: Minor Destruction |       |       |       |     3 |       ||     3
    Use: Potion            |     6 |       |     3 |       |     2 ||    11
         Scroll            |     6 |     4 |     4 |     4 |     2 ||    20
   Stab: Sleeping          |       |       |       |     2 |     1 ||     3
 Armour: Scale mail        |    42 |     8 |       |       |       ||    50
         Robe              |       |     1 |    14 |    31 |    10 ||    56
  Dodge: Dodged            |    37 |    11 |    58 |   169 |    22 ||   297
  Block: Buckler           |    10 |     5 |    27 |    77 |    12 ||   131

Table legend: (Time is in decaauts)
 A = Elapsed time spent in this place.
 B = Non-inter-level travel time spent in this place.
 C = Inter-level travel time spent in this place.
 D = Time resting spent in this place.
 E = Time spent auto-exploring this place.
 F = Levels seen in this place.
 G = Mean time per level.
                   A        B        C        D        E       F      G
               +--------+--------+--------+--------+--------+-----+--------+
         Total |  12692 |  12150 |    542 |    159 |  10133 |  16 |  793.2 |
       Dungeon |   9529 |   9057 |    472 |     47 |   7696 |  11 |  866.3 |
        Temple |     28 |     27 |      1 |      0 |      0 |   1 |   28.0 |
          Lair |   2636 |   2568 |     68 |      0 |   2241 |   3 |  878.7 |
      Gauntlet |    497 |    497 |      0 |    112 |    195 |   1 |  497.0 |
               +--------+--------+--------+--------+--------+-----+--------+

Top non-repeatable levels by time:
     D:7: 1285 daAuts
    D:11: 1183 daAuts
  Lair:1: 1182 daAuts
  Lair:2: 1154 daAuts
     D:5: 1061 daAuts
    D:10: 977 daAuts
     D:3: 841 daAuts
     D:1: 750 daAuts
     D:2: 734 daAuts
     D:9: 733 daAuts
     D:8: 703 daAuts
     D:4: 691 daAuts
     D:6: 567 daAuts
Gauntlet: 497 daAuts
  Lair:3: 299 daAuts
